AoeStats
← 309444469

Arena

510062613Analyzed
1v1 RM · 4d ago on Sep 29, 2026· 63m 24s· 2 players
Game mode
Random Map
Map size
Tiny (2 player)
Population
200
Speed
Normal
Resources
Standard
Victory
Conquest
Starting age
Dark Age
Ending age
Imperial Age
RankedLock teamsTeams togetherTeam positionsShared explorationLock speedFull tech treeHidden civsTurbo modeCheats
Victory
Defeat
🇨🇦 Lithuanians · Canada
1094
+16
🇨🇳 Spanish · China
1090
-16
309444469
10:19 Feudal Age
14:56 Castle Age
12:42 Loom
14:08 Double-Bit Axe
14:28 Stone Mining
25:08 Horse Collar
25:20 Gold Mining
25:46 Bow Saw
27:38 Heavy Plow
28:07 Padded Archer Armor
29:41 Leather Archer Armor
31:12 Bloodlines
31:42 Ballistics
35:53 Imperial Age
35:01 Stone Shaft Mining
35:50 Town Watch
36:27 Elite Conquistador
37:35 Conscription
39:02 Ring Archer Armor
42:08 Chemistry
43:14 Scale Mail Armor
44:30 Two-Man Saw
44:26 Wheelbarrow
45:16 Scale Barding Armor
45:21 Forging
44:46 Light Cavalry
45:30 Hussar
46:33 Husbandry
47:20 Chain Barding Armor
47:36 Iron Casting
50:20 Blast Furnace
49:55 Plate Barding Armor
55:15 Fletching
LBW92
4:15 Loom
9:43 Feudal Age
15:11 Castle Age
14:06 Double-Bit Axe
14:03 Horse Collar
21:10 Fletching
21:37 Gold Mining
27:38 Wheelbarrow
27:29 Bow Saw
27:29 Heavy Plow
30:48 Imperial Age
29:58 Sanctity
30:57 Elite Skirmisher
32:39 Stone Mining
33:57 Hand Cart
33:41 Bodkin Arrow
33:47 Padded Archer Armor
33:59 Forging
38:54 Chemistry
38:15 Ballistics
38:03 Bracer
38:51 Thumb Ring
39:16 Bloodlines
39:44 Iron Casting
39:43 Leather Archer Armor
40:33 Two-Man Saw
41:35 Masonry
42:02 Crop Rotation
42:17 Husbandry
43:11 Ring Archer Armor
43:15 Conscription
43:56 Town Watch
44:31 Block Printing
45:16 Tower Shields
45:50 Cavalier
47:11 Hoardings
47:12 Scale Barding Armor
48:58 Architecture
48:56 Chain Barding Armor
55:03 Paladin
58:29 Plate Barding Armor
63:19 Light Cavalry
Connection lost

Rejoining the realm…

Still unreachable

The connection could not be restored.

Session expired

The server has moved on; the page needs a fresh start.